 Dungeon Crawl Stone Soup version 0.20.1-1-g8b1a95d (console) character file.

12240 hilaritas the Blocker (level 11, -9/101 HPs)
             Began as a Troll Hunter on Jan 26, 2018.
             Was a Follower of Uskayaw.
             Mangled by a four-headed hydra (15 damage)
             ... on level 11 of the Dungeon.
             The game lasted 00:28:21 (8457 turns).

hilaritas the Blocker (Troll Hunter)                Turns: 8457, Time: 00:28:22

Health: -9/101     AC:  5    Str: 25    XL:     11   Next: 59%
Magic:  10/13      EV: 10    Int:  7    God:    Uskayaw [*.....]
Gold:   573        SH: 20    Dex: 10    Spells: 8/10 levels left

rFire    . . .     SeeInvis .   z - +2 whip (venom)
rCold    . . .     Gourm    +   x - +2 large shield
rNeg     . . .     Faith    .   b - +0 robe
rPois    .         Spirit   .   (helmet restricted)
rElec    .         Reflect  .   (no cloak)
rCorr    .         Harm     .   (gloves unavailable)
MR       .....                  (boots unavailable)
Stlth    ++........             (no amulet)
Regen    0.7/turn               (no ring)
MPRegen  0.2/turn               H - ring of stealth (curse)

@: drained
A: unfitting armour, claws 3, fast metabolism 3, gourmand, regeneration 1,
shaggy fur 1, tough skin 2
a: Stomp, Renounce Religion


You were on level 11 of the Dungeon.
You worshipped Uskayaw.
Uskayaw was noncommittal.
You were very full.

You visited 2 branches of the dungeon, and saw 12 of its levels.
You also visited: Sewer.

You collected 573 gold pieces.

Inventory:

Hand Weapons
 z - a +2 whip of venom (weapon)
Missiles
 c - 8 large rocks (quivered)
 d - 2 throwing nets
Armour
 b - a +0 robe (worn)
 x - a +2 large shield (worn)
Jewellery
 e - a +3 ring of intelligence
 k - a cursed -2 ring of intelligence
 o - a cursed -2 ring of intelligence
 H - a cursed ring of stealth (right claw)
 I - an uncursed ring of magical power
 J - an uncursed ring of ice
Wands
 i - a wand of confusion (24/48)
 q - a wand of enslavement (12/24)
 y - a wand of acid (9/15)
 C - a wand of flame (26/48)
Scrolls
 m - 6 scrolls of remove curse
 n - 3 scrolls of recharging
 t - 2 scrolls of enchant armour
 B - 2 scrolls of teleportation
 E - a scroll of summoning
 G - 2 scrolls of amnesia
 K - a scroll of fog
Potions
 a - 2 potions of brilliance
 j - 2 potions of mutation {unknown}
 l - 2 potions of berserk rage
 p - 2 potions of lignification {unknown}
 r - a potion of haste {unknown}
 s - 2 potions of curing
 u - 3 potions of flight
 v - 2 potions of heal wounds
 A - 2 potions of might
 D - a potion of agility {unknown}
 F - 3 potions of ambrosia
Comestibles
 f - 10 bread rations
 g - 6 royal jellies
 h - 6 meat rations
 w - 30 fruits


   Skills:
 * Level 4.9(4.8) Fighting
 - Level 3.6(3.4) Throwing
 + Level 5.0(4.9) Dodging
 - Level 0.3(0.2) Stealth
 + Level 10.6(10.5) Shields
 - Level 10.0(9.8) Unarmed Combat
 * Level 4.2(4.1) Invocations


You had 8 spell levels left.
You knew the following spells:

 Your Spells              Type           Power        Failure   Level  Hunger
a - Blink                 Tloc           N/A          88%         2    ###....


Dungeon Overview and Level Annotations

Branches:
Dungeon (11/15)            Temple (1/1) D:7            Lair (0/6) D:11
    Orc (0/2) D:10

Altars:
Ashenzari
Cheibriados
Dithmenos
Elyvilon
Fedhas
Gozag
Hepliaklqana
Kikubaaqudgha
Makhleb
Nemelex Xobeh
Okawaru
Qazlal
Ru
Sif Muna
Trog
Uskayaw
Vehumet
Xom
Yredelemnul
Zin
The Shining One


Innate Abilities, Weirdness & Mutations

You are too large for most types of armour.
You have claws for hands.
Your metabolism is lightning-fast.
You like to eat raw meat.
Your natural rate of healing is unusually fast.
You are covered in fur. (AC +1)
You have very tough skin. (AC +2)


Message History

You hit the four-headed hydra.
The four-headed hydra looks as sick as possible!
The four-headed hydra is moderately wounded.
The four-headed hydra bites you but does no damage.
You block the four-headed hydra's attack.
The four-headed hydra bites you! x2
You hit the four-headed hydra.
The four-headed hydra is heavily wounded.
You block the four-headed hydra's attack.
The four-headed hydra bites you! The four-headed hydra bites you.
You block the four-headed hydra's attack.
You hit the four-headed hydra but do no damage.
The four-headed hydra is heavily wounded.
You block the four-headed hydra's attack.
The four-headed hydra bites you!
* * * LOW HITPOINT WARNING * * *
The four-headed hydra bites you.
* * * LOW HITPOINT WARNING * * *
The four-headed hydra bites you!
You die...

#.....# ####
#.....##...###
#########
#...>.........
#...##..###.....#.#....
#...<.......##.......#
#...........##..#.#.##
).†.##########..)...#
......... #...####
######### #...#####..#
###..........#
#....@.......#
###..D........
.....(####...# #.#
####...# ... #.# #...#
.# #.### #...# # #...
#...# ##..# #..(. ....#
....# ....#


You could see a four-headed hydra.

Vanquished Creatures
  Fannar (D:11)
  3 two-headed ogres
  A queen ant (D:10)
  Pikel (D:6)
  Joseph (D:9)
  Psyche (D:9)
  The ghost of hilaritas the Gouger, a novice FeBe of Trog (D:8)
  A centaur skeleton (D:11)
  A komodo dragon (D:11)
  A troll (D:10)
  A hornet (D:10)
  3 hippogriffs
  A wyvern (D:9)
  The ghost of hilaritas the Magician, an amateur DEWz (D:3)
  4 soldier ants (D:10)
  8 orc warriors
  A slave (D:6)
  3 phantoms (D:8)
  5 ice beasts
  A necrophage (D:11)
  A sky beast (D:9)
  10 ogres
  2 centaurs
  8 big kobolds
  5 bullfrogs
  Blork the orc (D:6)
  A scorpion (D:6)
  A water moccasin skeleton (D:7)
  5 wights (D:11)
  2 crimson imps
  2 centaur zombies
  2 jellies
  A quasit (D:9)
  5 hounds
  2 orc priests
  A bullfrog skeleton (D:8)
  9 orc wizards
  An iguana (D:10)
  29 worker ants
  A hound zombie (D:5)
  A worker ant zombie (D:9)
  3 gnolls (D:10)
  7 adders
  3 river rats (Sewer)
  4 shadow imps
  2 adder skeletons
  3 worms
  4 dart slugs
  4 leopard geckos
  34 orcs
  2 giant cockroaches
  6 goblins
  7 hobgoblins
  8 jackals
  A quokka (D:7)
  4 ball pythons
  9 bats
  A frilled lizard (D:3)
  17 kobolds
  11 rats
260 creatures vanquished.

Vanquished Creatures (others)
  A quokka (D:11)
  2 plants (D:11)
3 creatures vanquished.

Grand Total: 263 creatures vanquished

Notes
Turn   | Place    | Note
-------+----------+-------------------------------------------
     0 | D:1      | hilaritas the Troll Hunter began the quest for the Orb.
     0 | D:1      | Reached XP level 1. HP: 19/19 MP: 0/0
   126 | D:1      | Reached skill level 1 in Unarmed Combat
   241 | D:1      | Reached XP level 2. HP: 27/27 MP: 1/1
   981 | D:2      | Reached XP level 3. HP: 35/35 MP: 2/2
  1459 | D:3      | Reached XP level 4. HP: 42/42 MP: 3/3
  1528 | D:3      | Noticed hilaritas's ghost (amateur DEWz)
  1536 | D:3      | Killed hilaritas's ghost
  1536 | D:3      | Reached XP level 5. HP: 48/49 MP: 4/4
  1573 | D:3      | Reached skill level 5 in Unarmed Combat
  1886 | D:3      | Reached skill level 1 in Shields
  2140 | D:4      | Reached XP level 6. HP: 57/57 MP: 5/5
  2206 | D:4      | Found a glowing drain.
  2222 | Sewer    | Entered a sewer
  2349 | Sewer    | Found a white marble altar of Elyvilon.
  2630 | D:5      | Entered Level 5 of the Dungeon
  2776 | D:5      | Noticed an ice beast
  2784 | D:5      | Killed an ice beast
  2785 | D:5      | Reached XP level 7. HP: 64/65 MP: 6/6
  3213 | D:6      | Noticed Pikel
  3244 | D:6      | Killed Pikel
  3244 | D:6      | Reached XP level 8. HP: 43/72 MP: 7/7
  3516 | D:6      | Noticed Blork the orc
  3521 | D:6      | Killed Blork the orc
  3940 | D:6      | Noticed a hippogriff
  3952 | D:6      | Killed a hippogriff
  4243 | D:7      | Found a staircase to the Ecumenical Temple.
  4307 | D:7      | Noticed a hippogriff
  4318 | D:7      | Killed a hippogriff
  4318 | D:7      | Reached XP level 9. HP: 60/80 MP: 8/8
  4392 | D:7      | Reached skill level 5 in Shields
  4663 | D:8      | Reached skill level 10 in Unarmed Combat
  4751 | Temple   | Entered the Ecumenical Temple
  4802 | Temple   | Became a worshipper of Uskayaw the Reveler
  4859 | D:8      | Reached * piety under Uskayaw
  4860 | D:8      | Reached ** piety under Uskayaw
  4976 | D:8      | Reached *** piety under Uskayaw
  5108 | D:8      | Noticed hilaritas's ghost (novice FeBe)
  5128 | D:8      | HP: 8/80 [hilaritas's ghost (28)]
  5130 | D:8      | Killed hilaritas's ghost
  5591 | D:9      | Reached skill level 1 in Invocations
  5815 | D:9      | Learned a level 2 spell: Blink
  5839 | D:9      | Noticed a two-headed ogre
  5863 | D:9      | Reached XP level 10. HP: 91/91 MP: 10/10
  5882 | D:9      | Killed a two-headed ogre
  5933 | D:9      | Noticed Joseph
  5952 | D:9      | Killed Joseph
  5988 | D:9      | Noticed Psyche
  6000 | D:9      | Killed Psyche
  6353 | D:9      | Noticed a two-headed ogre
  6356 | D:9      | Killed a two-headed ogre
  6469 | D:10     | Entered Level 10 of the Dungeon
  6494 | D:10     | Noticed a two-headed ogre
  6501 | D:10     | Killed a two-headed ogre
  6576 | D:10     | Reached **** piety under Uskayaw
  6579 | D:10     | Noticed a queen ant
  6583 | D:10     | Reached ***** piety under Uskayaw
  6600 | D:10     | Reached ****** piety under Uskayaw
  6603 | D:10     | Killed a queen ant
  6603 | D:10     | Reached XP level 11. HP: 84/100 MP: 12/12
  6786 | D:10     | Reached skill level 10 in Shields
  6841 | D:10     | Paralysed by a hornet for 2 turns
  6845 | D:10     | Paralysed by a hornet for 1 turns
  7121 | D:10     | Found a staircase to the Orcish Mines.
  7735 | D:11     | Noticed Fannar
  7758 | D:11     | Killed Fannar
  8219 | D:11     | Found a staircase to the Lair.
  8412 | D:11     | Reached skill level 5 in Dodging
  8446 | D:11     | Noticed a four-headed hydra
  8457 | D:11     | HP: 6/101 [four-headed hydra (6)]
  8457 | D:11     | Mangled by a four-headed hydra

Skill      XL: |  1  2  3  4  5  6  7  8  9 10 11 |
---------------+----------------------------------+-----
Unarmed Combat | 1 2 3 4 5 6 8 9 10 | 10.0
Fighting       | 2 3 4 |  4.9
Shields        | 1 3 4 7 9 10 | 10.6
Dodging        | 2 4 5 |  5.0
Invocations    | 1 3 4 |  4.2
Throwing       | |  3.6
Stealth        | |  0.3

Action                   |  1- 3 |  4- 6 |  7- 9 | 10-12 || total
-------------------------+-------+-------+-------+-------++-------
Melee: Unarmed           |   150 |   102 |   309 |   337 ||   898
       Whip              |       |       |       |     6 ||     6
Throw: Large rock        |       |     2 |     3 |    14 ||    19
Invok: Stomp             |       |       |     4 |     6 ||    10
       Line Pass         |       |       |     1 |     2 ||     3
  Use: Scroll            |     2 |     6 |     9 |     2 ||    19
       Potion            |       |       |     1 |     1 ||     2
 Stab: Sleeping          |     1 |     2 |       |     3 ||     6
       Paralysed         |       |       |     1 |    12 ||    13
       Confused          |       |       |       |     1 ||     1
  Eat: Chunk             |    19 |     8 |    34 |    25 ||    86
Armor: Robe              |    51 |    32 |    41 |    23 ||   147
Dodge: Dodged            |    50 |    20 |    43 |    38 ||   151
Block: Shield            |    25 |    37 |       |       ||    62
       Large shield      |       |     8 |   231 |   253 ||   492
